 Dungeon Crawl Stone Soup version 0.28-a0-474-g535839065c (webtiles) character file.

Game seed: 9985451377021047227

6 meatgazer the Magician (level 1, 0/13 HPs)
             Began as a Gnoll Wanderer on Sept 15, 2021.
             Slain by a quokka (1 damage)
             ... on level 1 of the Dungeon.
             The game lasted 00:01:39 (730 turns).

meatgazer the Magician (Gnoll Wanderer)              Turns: 730, Time: 00:01:40

Health: 0/13       AC:  2    Str: 10    XL:     1   Next: 90%
Magic:  8/8        EV: 11    Int: 12    God:
Gold:   17         SH:  0    Dex: 11    Spells: 13/14 levels left

rFire   . . .      SeeInvis .   a - +2 dagger
rCold   . . .      Faith    .   (no shield)
rNeg    . . .      Spirit   .   d - +0 robe
rPois   .          Reflect  .   (no helmet)
rElec   .          Harm     .   (no cloak)
rCorr   .          Rampage  .   (no gloves)
Will    .....                   (no boots)
Stlth   +.........              (no amulet)
HPRegen 0.04/turn               (no ring)
MPRegen 0.11/turn               (no ring)

@: no status effects
A: fangs 1, strong nose, distributed training
a: no special abilities


You were on level 1 of the Dungeon.
You visited 1 branch of the dungeon, and saw 1 of its levels.

You collected 17 gold pieces.

Inventory:

Hand Weapons
 a - a +2 dagger (weapon)
Missiles
 b - 3 curare-tipped darts (quivered)
Armour
 d - a +0 robe (worn)
Scrolls
 e - a scroll of holy word {unknown}
Miscellaneous
 c - a piece from Xom's chessboard (6/15)


   Skills:
 + Level 0.2 Fighting
 + Level 0.2 Short Blades
 + Level 0.2 Long Blades
 + Level 0.2 Axes
 + Level 0.2 Maces & Flails
 + Level 0.2 Polearms
 + Level 0.2 Staves
 + Level 0.2 Slings
 + Level 0.2 Bows
 + Level 0.2 Crossbows
 + Level 2.4 Throwing
 + Level 0.2 Armour
 + Level 0.2 Dodging
 + Level 0.2 Stealth
 + Level 0.2 Shields
 + Level 0.2 Unarmed Combat
 + Level 7.1 Spellcasting
 + Level 0.1 Conjurations
 + Level 0.1 Hexes
 + Level 0.1 Summonings
 + Level 3.6 Necromancy
 + Level 0.1 Translocations
 + Level 0.1 Transmutations
 + Level 0.1 Fire Magic
 + Level 2.0 Ice Magic
 + Level 0.1 Air Magic
 + Level 3.6 Earth Magic
 + Level 0.1 Poison Magic
 + Level 0.3 Invocations
 + Level 2.4 Evocations


You had 13 spell levels left.
You knew the following spells:

 Your Spells              Type           Power      Damage    Failure   Level
a - Shock                 Conj/Air       16%        1d4       16%         1

Your spell library contained the following spells:

 Spells                   Type           Power      Damage    Failure   Level
 Swiftness                Air            4%         N/A       41%         3


Dungeon Overview and Level Annotations

Branches:
Dungeon (1/15)

Altars:


Innate Abilities, Weirdness & Mutations

You have very sharp teeth.
Your uncanny sense of smell can sniff out nearby items.
Your experience applies equally to all skills.


Message History

You make a move on Xom's chessboard...
The quokka suddenly stops moving!
The helpless quokka fails to defend itself.
You hit the quokka.
You kill the quokka!
Your Ice Magic skill increases to level 2!
Found a scroll labelled XOAL FAKISKYMM.
You see here a quokka corpse.
A ball python comes into view.
The ball python hisses angrily.
You see here a scroll labelled XOAL FAKISKYMM.
You make a move on Xom's chessboard...
The ball python twists and deforms.
A quokka comes into view.
The ball python barely misses you. The ball python grabs you.
The ball python constricts you.
You make a move on Xom's chessboard...
The ball python flickers and vanishes!
Deactivating autopickup; reactivate with Ctrl-A.
Something bites you.
You are constricted.
You miss something. You bite something. Something bites you but does no damage.
You are constricted.
You closely miss something. You bite something. Something bites you.
* * * LOW HITPOINT WARNING * * *
You are constricted.
* * * LOW HITPOINT WARNING * * *
The quokka twitches its whiskers.
You hit something.
Reactivating autopickup.
You feel a bit more experienced.
You hit the quokka.
The quokka is heavily wounded.
The quokka barely misses you.
You barely miss the quokka.
The quokka is heavily wounded.
The quokka closely misses you.
You closely miss the quokka. Your bite misses the quokka.
The quokka is heavily wounded.
The quokka barely misses you.
You closely miss the quokka. You bite the quokka, but do no damage.
The quokka is heavily wounded.
The quokka bites you.
You die...

....##. #.
## #####.###
#@r......
#.###.#.. ∆
...####.##.#
..........#
∆
..#.###..##
## #.#†##
#.#
#....###..
#####.#.#
##.# ###


You could see a quokka.

Vanquished Creatures
  A ball python (D:1)
  A goblin (D:1)
  A kobold (D:1)
  A quokka (D:1)
  A bat (D:1)
5 creatures vanquished.

Notes
Turn   | Place    | Note
-------+----------+-------------------------------------------
     0 | D:1      | meatgazer the Gnoll Wanderer began the quest for the Orb.
     0 | D:1      | meatgazer set off with the following items: a +2 dagger, 3
                  | curare-tipped darts, a piece from Xom's chessboard (15/15),
                  | a +0 robe; and the following spell memorised: Shock; and
                  | the following spells available to memorise: Swiftness
     0 | D:1      | Reached XP level 1. HP: 13/13 MP: 8/8
   730 | D:1      | Slain by a quokka

Illustrated notes

Levels and vault maps discovered:
D:1:      sevenhm_arrival_forest_fort_small_5, layout_loops_corners,
          kennysheep_minor_cross

Skill      XL: |  1 |
---------------+----+-----
Ice Magic      | 2 |  2.0
Fighting       | |  0.2
Short Blades   | |  0.2
Long Blades    | |  0.2
Axes           | |  0.2
Maces & Flails | |  0.2
Polearms       | |  0.2
Staves         | |  0.2
Slings         | |  0.2
Bows           | |  0.2
Crossbows      | |  0.2
Throwing       | |  2.4
Armour         | |  0.2
Dodging        | |  0.2
Stealth        | |  0.2
Shields        | |  0.2
Unarmed Combat | |  0.2
Spellcasting   | |  7.1
Conjurations   | |  0.1
Hexes          | |  0.1
Summonings     | |  0.1
Necromancy     | |  3.6
Translocations | |  0.1
Transmutations | |  0.1
Fire Magic     | |  0.1
Air Magic      | |  0.1
Earth Magic    | |  3.6
Poison Magic   | |  0.1
Invocations    | |  0.3
Evocations     | |  2.4

Action                   || total
-------------------------++-------
Melee: Dagger            ||    23
       Bite              ||     3
Evoke: Piece from Xom's  ||     9
 Stab: Petrified         ||     2
       Paralysed         ||     1
Armor: Robe              ||     3
Dodge: Dodged            ||    13

Table legend: (Time is in decaauts)
 A = Elapsed time spent in this place.
 B = Non-inter-level travel time spent in this place.
 C = Inter-level travel time spent in this place.
 D = Time resting spent in this place.
 E = Time spent auto-exploring this place.
 F = Levels seen in this place.
 G = Mean time per level.
                   A        B        C        D        E       F      G
               +--------+--------+--------+--------+--------+-----+--------+
         Total |    731 |    731 |      0 |    408 |    270 |   1 |  731.0 |
       Dungeon |    731 |    731 |      0 |    408 |    270 |   1 |  731.0 |
               +--------+--------+--------+--------+--------+-----+--------+

Top non-repeatable levels by time:
     D:1: 731 daAuts
